 Dungeon Crawl Stone Soup version 0.18-a0-1211-g828307d (webtiles) character file.

493 ololoev the Magician (level 6, -2/32 HPs)
             Began as a Deep Elf Fire Elementalist on Feb 2, 2016.
             Was a Follower of Sif Muna.
             Slain by Menkaure (22 damage)
             ... on level 5 of the Dungeon.
             The game lasted 00:14:57 (1618 turns).

ololoev the Magician (Deep Elf Fire Elementalist)   Turns: 1618, Time: 00:14:57

Health: -2/32      AC: 11    Str:  5    XL:     6   Next: 92%
Magic:  8/15       EV: 12    Int: 22    God:    Sif Muna [*.....]
Gold:   36         SH:  0    Dex: 15    Spells: 4 memorised, 4 levels left

rFire  . . .     SeeInvis .     a - +7 flail (protect)
rCold  + . .     Gourm    .     n - +2 leather armour {rC+}
rNeg   + . .     Faith    .     (no shield)
rPois  .         Spirit   .     r - +0 helmet
rElec  .         Dismiss  .     (no cloak)
rCorr  .         Reflect  .     (no gloves)
SustAt .         Harm     .     (no boots)
MR     .....                    (no amulet)
Stlth  ++........               d - ring of wizardry
                                k - ring of positive energy

@: not resistant to hostile enchantments, unstealthy
A: no striking features
a: Channel Energy, Renounce Religion

Inventory:

Hand Weapons
 a - a +7 flail of protection (weapon)
Armour
 n - a +2 leather armour of cold resistance (worn)
 r - a +0 helmet (worn)
Jewellery
 d - a ring of wizardry (right hand)
 i - an uncursed ring of protection from fire
 k - a ring of positive energy (left hand)
 s - an uncursed ring of protection from magic
Scrolls
 f - a scroll of remove curse
 g - 2 scrolls of amnesia
 j - a scroll of teleportation
 m - a scroll of blinking
 w - a scroll of immolation
Potions
 e - 2 potions of heal wounds
 h - a potion of brilliance
 o - a potion of might
 p - a potion of curing
Books
 b - a book of Flames

   Spells                             Type                      Level
   a - Flame Tongue                   Conjuration/Fire             1
   b - Throw Flame                    Conjuration/Fire             2
   c - Conjure Flame                  Conjuration/Fire             3
   d - Inner Flame                    Hexes/Fire                   3
   e - Sticky Flame                   Conjuration/Fire             4
   f - Fireball                       Conjuration/Fire             5
Comestibles
 c - 2 bread rations
 l - 2 chunks of flesh
 q - a royal jelly
 t - a fruit
 v - 2 meat rations


   Skills:
 + Level 1.6 Armour
 - Level 2.4 Dodging
 - Level 2.4 Stealth
 + Level 5.2 Spellcasting
 * Level 4.8 Conjurations
 + Level 4.4 Fire Magic
 + Level 2.9 Invocations


You had 4 spell levels left.
You knew the following spells:

 Your Spells              Type           Power        Failure   Level  Hunger
a - Flame Tongue          Conj/Fire      ####.        1%          1    None
b - Conjure Flame         Conj/Fire      ####....     4%          3    ##.....
c - Sticky Flame          Conj/Fire      ####....     12%         4    ####...
e - Inner Flame           Hex/Fire       ###.....     9%          3    ##.....


You were on level 5 of the Dungeon.
You worshipped Sif Muna.
Sif Muna was aware of your devotion.
You were not hungry.

You visited 1 branch of the dungeon, and saw 6 of its levels.

You collected 236 gold pieces.
You spent 200 gold pieces at shops.

#. #( #.# ##.##.##.#.#
.# .........#.# ..
#.......#.# .#
#.......#.#
##.......#.#####
..........†....#
##......>#..##.######.
......M@..............
##.......##.#..####
###...####.......# ##
..###.....#..##.# ..
#. ##.#..#..##.# ## #
#.......##.#
#.......##>#
#.....#.###.#
...#.....# #.######

Notes
Turn   | Place    | Note
--------------------------------------------------------------
     0 | D:1      | ololoev the Deep Elf Fire Elementalist began the quest for the Orb.
     0 | D:1      | Reached XP level 1. HP: 10/10 MP: 6/6
    80 | D:1      | Reached XP level 2. HP: 13/15 MP: 0/8
   246 | D:2      | Found a sacrificial altar of Ru.
   256 | D:2      | Found a shimmering altar of Xom.
   257 | D:2      | Found a basalt altar of Yredelemnul.
   258 | D:2      | Found a snail-covered altar of Cheibriados.
   258 | D:2      | Found a radiant altar of Vehumet.
   258 | D:2      | Found a blossoming altar of Fedhas.
   258 | D:2      | Found an oddly glowing altar of Pakellas.
   259 | D:2      | Found a deep blue altar of Sif Muna.
   260 | D:2      | Found a bloodstained altar of Trog.
   261 | D:2      | Found a glowing golden altar of the Shining One.
   266 | D:2      | Became a worshipper of Sif Muna the Loreminder
   479 | D:2      | Noticed Terence
   496 | D:2      | Killed Terence
   496 | D:2      | Reached skill level 1 in Invocations
   496 | D:2      | Reached XP level 3. HP: 17/19 MP: 1/10
   632 | D:2      | Reached skill level 4 in Spellcasting
   634 | D:2      | Reached XP level 4. HP: 24/24 MP: 4/12
   812 | D:3      | Learned a level 3 spell: Conjure Flame
   817 | D:3      | Learned a level 4 spell: Sticky Flame
  1056 | D:4      | Noticed Edmund
  1107 | D:4      | Killed Edmund
  1107 | D:4      | Reached XP level 5. HP: 28/28 MP: 1/13
  1126 | D:5      | Entered Level 5 of the Dungeon
  1142 | D:5      | Found Murch's Magic Scroll Boutique.
  1148 | D:5      | Bought a scroll of enchant weapon for 90 gold pieces
  1148 | D:5      | Bought a scroll of identify for 24 gold pieces
  1148 | D:5      | Bought a scroll of immolation for 42 gold pieces
  1148 | D:5      | Bought a scroll of identify for 24 gold pieces
  1155 | D:5      | Reached skill level 1 in Armour
  1158 | D:5      | Found Juck's Antique Weapon Shoppe.
  1168 | D:5      | Found Atruro's Antique Armour Emporium.
  1208 | D:5      | Learned a level 3 spell: Inner Flame
  1294 | D:5      | Noticed a centaur
  1302 | D:5      | Noticed an ice beast
  1307 | D:5      | Killed a centaur
  1307 | D:5      | Reached XP level 6. HP: 11/32 MP: 9/15
  1312 | D:5      | Killed an ice beast
  1312 | D:5      | Reached * piety under Sif Muna
  1312 | D:5      | Reached skill level 5 in Spellcasting
  1345 | D:4      | Noticed Robin
  1394 | D:4      | Killed Robin
  1502 | D:5      | Bought a glowing robe for 20 gold pieces
  1609 | D:5      | Noticed Menkaure
  1618 | D:5      | Slain by Menkaure

Dungeon Overview and Level Annotations

Branches:
Dungeon (6/15)
 Temple: D:4-7

Altars:
Cheibriados
Fedhas
Pakellas
Ru
Sif Muna
Trog
Vehumet
Xom
Yredelemnul
The Shining One

Shops:
D:5 ?([

Annotations:
D:5 Menkaure


Message History

You remove your ring of protection from fire.
k - a ring of positive energy (left hand)
Casting: Flame Tongue
Confirm with . or Enter, or press ? or * to list all spells.
You can't see any susceptible monsters within range! (Use Z to cast anyway.)
Casting: Flame Tongue
Confirm with . or Enter, or press ? or * to list all spells.
Aiming: Flame Tongue
Press: ? - help, Shift-Dir - straight line, f - Menkaure
Aim: Menkaure The flame tongue hits Menkaure.
Menkaure is burned terribly!
Menkaure is lightly damaged.
Casting: Flame Tongue
Confirm with . or Enter, or press ? or * to list all spells.
Aiming: Flame Tongue
Press: ? - help, Shift-Dir - straight line, f/p - Menkaure
Aim: Menkaure (lightly damaged)
The flame tongue hits Menkaure.
Menkaure appears unharmed.
Menkaure is lightly damaged.
Menkaure calls on the powers of darkness!
Your body is wracked with pain!
Casting: Flame Tongue
Confirm with . or Enter, or press ? or * to list all spells.
Aiming: Flame Tongue
Press: ? - help, Shift-Dir - straight line, f/p - Menkaure
Aim: Menkaure (lightly damaged)
The flame tongue hits Menkaure.
Menkaure is burned terribly!
Menkaure is moderately damaged.
Drink which item? (? for menu, Esc to quit)
You feel better.
Casting: Flame Tongue
Confirm with . or Enter, or press ? or * to list all spells.
Aiming: Sticky Flame
Press: ? - help, Shift-Dir - straight line, f/p - Menkaure
Aim: Menkaure (moderately damaged)
The sticky flame hits Menkaure.
Menkaure is burned terribly!
Menkaure is severely damaged.
Menkaure is covered in liquid flames!
Menkaure burns!
Menkaure hits you!!
Ouch! That really hurt!
You die...

You could see Menkaure (burning).

Vanquished Creatures
  Edmund (D:4)
  An ice beast (D:5)
  A centaur (D:5)
  A hound (D:4)
  A giant frog zombie (D:5)
  Terence (D:2)
  Robin (D:4)
  2 adders
  4 worms
  2 giant geckos
  5 orcs (D:3)
  7 bats
  4 giant cockroaches
  11 goblins
  6 hobgoblins
  4 jackals
  9 kobolds
  3 quokkas
  A ball python (D:3)
  A giant newt (D:1)
  A jackal skeleton (D:5)
  3 rats
70 creatures vanquished.

Action                   |  1- 3 |  4- 6 || total
-------------------------+-------+-------++-------
Melee: Whip              |       |     2 ||     2
       Flail             |       |     6 ||     6
 Cast: Flame Tongue      |    54 |    76 ||   130
       Sticky Flame      |       |     8 ||     8
       Conjure Flame     |       |     4 ||     4
       Inner Flame       |       |     1 ||     1
Invok: Channel Energy    |       |    26 ||    26
  Use: Scroll            |     4 |     9 ||    13
       Potion            |       |     2 ||     2
  Eat: Chunk             |       |     7 ||     7

Vault maps used:
D:1:      dpeg_arrival_round_b, minmay_misc_feat_columns,
          minmay_stone_trees_small
D:2:      minitemple, uniq_terence
D:4:      first_bread, nicolae_tso_swordbearing_angel, uniq_robin, uniq_edmund,
          uniq_pikel
D:5:      lemuel_doored_altar, serial_shops, nicolae_shop_stone,
          nicolae_shop_waterfront, shop, grunt_ministairs_1, uniq_eustachio,
          uniq_grinder, uniq_menkaure
D:6:      serial_shops, kennysheep_mini_moat, serial_glass, glass_columns_b,
          glass_columns_a
